 Dungeon Crawl Stone Soup version 0.25-a0-589-g1e14c549ee (webtiles) character file.

Game seed: 17447189473946577237, levelgen mode: deterministic

161 Amnesiac the Skirmisher (level 5, -1/57 HPs)
             Began as an Ogre Fighter on Mar 10, 2020.
             Slain by an adder (2 damage)
             ... on level 4 of the Dungeon.
             The game lasted 00:04:38 (3480 turns).

Amnesiac the Skirmisher (Ogre Fighter)              Turns: 3480, Time: 00:04:38

Health: -1/57      AC:  3    Str: 20    XL:     5   Next: 42%
Magic:  5/5        EV:  8    Int:  9    God:
Gold:   171        SH:  8    Dex:  7    Spells: 4/4 levels left

rFire    . . .     SeeInvis .   a - +0 long sword
rCold    . . .     Gourm    .   c - +0 kite shield
rNeg     + . .     Faith    .   b - +0 robe
rPois    .         Spirit   .   (helmet restricted)
rElec    .         Reflect  .   (no cloak)
rCorr    .         Harm     .   (gloves unavailable)
MR       .....                  (boots unavailable)
Stlth    +.........             (no amulet)
HPRegen  0.19/turn              m - -2 ring of dexterity (curse)
MPRegen  0.09/turn              s - ring of positive energy

@: lethally poisoned (-1 -> -13)
A: large, unfitting armour, tough skin 1
a: no special abilities


You were on level 4 of the Dungeon.
You were hungry.

You visited 2 branches of the dungeon, and saw 5 of its levels.

You collected 171 gold pieces.

Inventory:

Hand Weapons
 a - a +0 long sword (weapon)
Missiles
 i - 131 stones (quivered)
 j - 7 javelins
 k - 6 boomerangs
 o - 4 large rocks
 v - 13 sling bullets
Armour
 b - a +0 robe (worn)
 c - a +0 kite shield (worn)
Jewellery
 m - a cursed -2 ring of dexterity (left hand)
 s - a ring of positive energy (right hand)
 x - a +2 ring of strength {unknown}
Wands
 t - a wand of enslavement (10)
Scrolls
 e - 2 scrolls of enchant weapon {!r, unknown}
 h - 5 scrolls of identify {!r, unknown}
 l - 2 scrolls of teleportation {!r, unknown}
 r - a scroll of remove curse {!r, unknown}
 u - a scroll of enchant armour {!r, unknown}
 y - 2 scrolls of blinking {!r, unknown}
Potions
 d - a potion of might {!q}
 g - 2 potions of berserk rage {!q, unknown}
 n - a potion of ambrosia {!q, unknown}
 p - a potion of flight {!q, unknown}
 q - a potion of curing {!q, unknown}
 w - a potion of mutation {!q, unknown}
Comestibles
 f - 8 rations
 z - 3 chunks of flesh


   Skills:
 + Level 5.2 Fighting
 + Level 2.8 Long Blades
 * Level 3.4 Throwing
 - Level 2.6 Dodging
 - Level 2.6 Shields


You had 4 spell levels left.
You didn't know any spells.
Your spell library was empty.

Dungeon Overview and Level Annotations

Branches:
Dungeon (4/15)             Temple (1/1) D:4

Altars:
Cheibriados
Fedhas
Gozag
Hepliaklqana
Makhleb
Nemelex Xobeh
Ru
Sif Muna
Wu Jian
Yredelemnul
Zin
The Shining One


Innate Abilities, Weirdness & Mutations

You are too large for most types of armour.
You have tough skin. (AC +1)


Message History

You feel sick. You block the adder's attack. x2
You closely miss the adder.
The adder is severely wounded.
The adder closely misses you.
You closely miss the adder.
The adder is severely wounded.
You block the adder's attack. x2
You closely miss the adder.
The adder is severely wounded.
You feel sick. The adder bites you but does no damage.
You block the adder's attack.
You closely miss the adder.
The adder is severely wounded.
You block the adder's attack. The adder bites you.
* * * LOW HITPOINT WARNING * * *
You are more poisoned.
The adder poisons you!
You barely miss the adder.
The adder is severely wounded.
You feel sick. You block the adder's attack.
You closely miss the adder.
The adder is severely wounded.
You feel sick. You block the adder's attack. The adder closely misses you.
You barely miss the adder.
The adder is severely wounded.
The adder bites you but does no damage. The adder barely misses you.
You completely miss the adder.
The adder is severely wounded.
You feel sick. The adder bites you.
* * * LOW HITPOINT WARNING * * *
You barely miss the adder.
The adder is severely wounded.
The adder barely misses you. The adder bites you but does no damage.
Your shield prevents you from hitting the adder.
The adder is severely wounded.
You feel sick. The adder bites you.
* * * LOW HITPOINT WARNING * * *
You are more poisoned.
The adder poisons you! The adder bites you.
* * * LOW HITPOINT WARNING * * *
You are more poisoned.
The adder poisons you!
You barely miss the adder.
The adder is severely wounded.
You feel sick. The adder bites you but does no damage.
You miss the adder.
The adder is severely wounded.
You feel sick. The adder bites you.
* * * LOW HITPOINT WARNING * * *
You block the adder's attack.
You closely miss the adder.
The adder is severely wounded.
* * * LOW HITPOINT WARNING * * *
You feel sick. The adder bites you.
* * * LOW HITPOINT WARNING * * *
The adder bites you.
* * * LOW HITPOINT WARNING * * *
You are more poisoned.
The adder poisons you!
You miss the adder.
The adder is severely wounded.
* * * LOW HITPOINT WARNING * * *
You feel sick. You block the adder's attack. The adder bites you.
You die...

##.# #.#..###.#.# .
...####..........#####.#
.......................#
##.......#<#..♣♣....###
#.#####.#.#...♣..###
#.#.##....## #.#.###...#
#(#####.#.# ###.#
#(.((S@.#.# #.#
#.#####.#.. ..# #... ###
###.# ##


You could see an adder.

Vanquished Creatures
  A hound (D:4)
  A worker ant (D:3)
  3 adders (D:3)
  An ooze (D:1)
  A worm (D:2)
  2 dart slugs
  A leopard gecko (D:2)
  An orc (D:4)
  5 giant cockroaches
  11 hobgoblins
  8 jackals
  A quokka (D:2)
  3 ball pythons
  3 bats
  6 frilled lizards (D:2)
  7 goblins
  8 kobolds
  7 rats
70 creatures vanquished.

Vanquished Creatures (others)
  5 toadstools (D:1)
5 creatures vanquished.

Grand Total: 75 creatures vanquished

Notes
Turn   | Place    | Note
-------+----------+-------------------------------------------
     0 | D:1      | Amnesiac the Ogre Fighter began the quest for the Orb.
     0 | D:1      | Reached XP level 1. HP: 24/24 MP: 1/1
    76 | D:1      | Reached skill level 1 in Throwing
    76 | D:1      | Reached XP level 2. HP: 24/32 MP: 2/2
   341 | D:1      | Reached XP level 3. HP: 38/40 MP: 3/3
  1661 | D:2      | Reached XP level 4. HP: 46/49 MP: 4/4
  2444 | D:3      | Reached skill level 5 in Fighting
  2571 | D:3      | Reached XP level 5. HP: 55/57 MP: 5/5
  2934 | D:4      | Found a staircase to the Ecumenical Temple.
  2955 | Temple   | Entered the Ecumenical Temple
  3480 | D:4      | HP: 1/57 [poisoned by an adder]
  3480 | D:4      | Slain by an adder

Levels and vault maps discovered:
D:1:      ldierk_walled_garden, layout_basic
D:2:      layout_loops_corners, serial_rivers, chequers_serial_rivers_room_b,
          chequers_serial_rivers_micro_a, chequers_serial_rivers_small_b,
          chequers_serial_rivers_micro_d, first_ration
D:3:      layout_loops_ring, serial_bayou, serial_bayou_pond_a,
          serial_bayou_shore_a, serial_bayou_pond_d, serial_bayou_lagoon_a,
          minmay_misc_feat_encased
D:4:      layout_basic, nicolae_overflow_crystal_walls, elyvilon_altar_3,
          chequers_temple_overflow_statue_of_worship, minmay_temple_entry_glass,
          enter_ossuary_2, serial_park_tiny_1, kennysheep_crisscross,
          minivault_23, corexii_checkpoint_a
Temple:   minmay_temple_forest_path

Skill      XL: |  1  2  3  4 |
---------------+-------------+-----
Long Blades    | 2 |  2.8
Throwing       | 1 2 3 |  3.4
Fighting       | 5 |  5.2
Dodging        | |  2.6
Shields        | |  2.6

Action                   |  1- 3 |  4- 6 || total
-------------------------+-------+-------++-------
Melee: Long sword        |   123 |   109 ||   232
Throw: Stone             |    81 |    68 ||   149
       Boomerang         |       |    10 ||    10
  Eat: Chunk             |     3 |     5 ||     8
Armor: Robe              |    27 |    31 ||    58
Dodge: Dodged            |    50 |    56 ||   106
Block: Kite shield       |    38 |    73 ||   111
       Rpst.: Long sword |    19 |    19 ||    38

Table legend:
 A = Non-vault XP
 B = Vault XP
 C = Vault XP percentage of total XP
 D = Non-vault monster count
 E = Vault monster count
 F = Vault count percentage of total count
                 A         B        C        D         E       F
            +---------+---------+-------+---------+---------+-------
      Total |     231 |       0 |   0.0 |      70 |       0 |   0.0
            +---------+---------+-------+---------+---------+-------
        D:1 |      42 |       0 |   0.0 |      23 |       0 |   0.0
        D:2 |      48 |       0 |   0.0 |      27 |       0 |   0.0
        D:3 |      91 |       0 |   0.0 |      16 |       0 |   0.0
        D:4 |      50 |       0 |   0.0 |       4 |       0 |   0.0
            +---------+---------+-------+---------+---------+-------
